AoeStats
← maimadana

Arabia

510739493Analyzed
1v1 RM · 21h ago on Oct 2, 2026· 32m 31s· 2 players
Game mode
Random Map
Map size
Tiny (2 player)
Population
200
Speed
Normal
Resources
Standard
Victory
Conquest
Starting age
Dark Age
Ending age
Imperial Age
RankedLock teamsTeams togetherTeam positionsShared explorationLock speedFull tech treeHidden civsTurbo modeCheats
Victory
Defeat
🇨🇿 Magyars · Czechia
778
+17
808
-17
游戏虽菜但人很帅
10:08 Feudal Age
8:42 Loom
18:42 Fletching
18:53 Padded Archer Armor
25:09 Castle Age
23:52 Double-Bit Axe
26:22 Wheelbarrow
26:00 Pikeman
28:59 Crossbowman
maimadana
4:57 Loom
10:04 Feudal Age
11:02 Double-Bit Axe
11:22 Horse Collar
22:10 Castle Age
27:24 Fletching
Connection lost

Rejoining the realm…

Still unreachable

The connection could not be restored.

Session expired

The server has moved on; the page needs a fresh start.